Cogmind - Beta 16 @@@ ROGUE MODE // 2025.11.17 @ 15:01:42 Player: shapeshifter Result: Destroyed by D-53 Grenadier with Mini Grenade Launcher Performance ------------- Evolutions (0) 0 Regions Visited (2) 400 Robots Destroyed (9) 45 Value Destroyed (205) 205 Prototype IDs (0) 0 Alien Tech Used (0) 0 Bonus (0) 0 TOTAL SCORE: 650 Bonus ------- None Cogmind --------- Core Integrity 0/250 Matter 290/300 Energy 98/100 System Corruption 0% Temperature Cool (0) Movement Rolling (80) Location -10/Mines Parts ------- > --- POWER (1) -------- (None) > --- PROPULSION (2) --- Wheel Wheel > --- UTILITY (2) ------ Medium Storage Unit > --- WEAPON (2) ------- (None) > --- INVENTORY (10) --- Light Ion Engine Light Treads Datajack Peak State ------------ > --- POWER ------------ Ion Engine > --- PROPULSION ------- Light Treads Light Treads > --- UTILITY ---------- Small Storage Unit Seismic Detector > --- WEAPON ----------- EM Pulse Gun EM Pulse Gun > --- INVENTORY -------- Light Ion Engine Wheel Wheel Assault Rifle [Rating: 7] Favorites ----------- Power Ion Engine Engine Ion Engine Propulsion Light Treads Treads Light Treads Wheel Wheel Utility Medium Storage Unit Device Seismic Detector Storage Medium Storage Unit Protection Light Armor Plating Weapon EM Pulse Gun Energy Gun EM Pulse Gun Ballistic Gun Assault Rifle Build | -11 -10 -10 ------- Run | Yrd Mat Min Slots Evolved . | . . . Power . | . . . Propulsion . | . . . Utility . | . . . Weapon . | . . . Parts Attached 14 | 7 2 5 Power 1 | 1 . . Engine 1 | 1 . . Core . | . . . Reactor . | . . . Propulsion 4 | 2 . 2 Treads 2 | 2 . . Leg . | . . . Wheel 2 | . . 2 Hover . | . . . Flight . | . . . Utility 4 | 2 1 1 Device 1 | 1 . . Storage 2 | 1 1 . Processor . | . . . Hackware . | . . . Protection 1 | . . 1 Artifact . | . . . Weapon 5 | 2 1 2 Energy Gun 3 | 2 . 1 Energy Cannon . | . . . Ballistic Gun 2 | . 1 1 Ballistic Cannon . | . . . Launcher . | . . . Special Weapon . | . . . Impact Weapon . | . . . Slashing Weapon . | . . . Piercing Weapon . | . . . Special Melee Weapon . | . . . Unidentified Prototypes . | . . . Parts Lost 9 | . 5 4 Power 1 | . . 1 Propulsion 1 | . 1 . Utility 2 | . 1 1 Weapon 5 | . 3 2 Highest Loss Streak 4 | . 3 4 To Critical Strikes . | . . . Average Backups 3 | 3 3 2 Power . | . 1 1 Propulsion 1 | 1 2 1 Utility . | . . . Weapon . | 1 . . Tool/Special . | . . . Unused Backups 2 | . . 2 Power 1 | . . 1 Propulsion . | . . . Utility . | . . . Weapon . | . . . Tool/Special 1 | . . 1 Average Slot Usage (%) 94 | . 94 94 Engine 14 | . 14 14 Treads 18 | . 28 . Wheel 9 | . . 27 Device 7 | . 12 . Storage 14 | . 14 14 Protection 4 | . . 11 Energy Gun 18 | . 22 12 Ballistic Gun 6 | . 2 12 Peak Build Rating 7 | 7 7 7 Average Rating 6 | 5 6 6 On Entrance 3 | . 7 3 Avg Prop Armor Cover (%) . | . . . Naked Turns . | . . . Heaviest Build 22 | 15 20 22 Greatest Support 40 | 40 40 20 Greatest Overweight (x) 1 | . . 1 Average Overweight (x) . | . . . Largest Inventory Capacity 10 | 8 10 10 Average Capacity 9 | 7 9 10 Most Carried 5 | 5 5 4 Average Carried 3 | 3 3 2 Final Capacity 10 | 8 10 10 Final Carried 4 | 4 3 3 Class Distribution -------------------- 100% | Mutant Dominant Class ---------------- Mutant | -10/Materials Mutant | -10/Mines Resources | -11 -10 -10 ----------- Run | Yrd Mat Min Matter Collected 373 | 270 63 40 Remotely . | . . . Salvage Created 280 | 27 253 . Parts 18 | 6 12 . Haulers Intercepted . | . . . Recyclers Shooed . | . . . Parts Field Recycled . | . . . Retrieved Matter . | . . . Parts Self-Destructed . | . . . Prevented . | . . . Parts Restored . | . . . Kills | -11 -10 -10 ------- Run | Yrd Mat Min Combat Hostiles Destroyed 5 | . 5 . Guns 5 | . 5 . Classes Destroyed 4 | 1 3 . Tunneler 2 | 2 . . Watcher 2 | . 2 . Swarmer 1 | . 1 . Grunt 4 | . 4 . Best Kill Streak 3 | 1 3 . Combat Bots Only 3 | . 3 . Max Kills in Single Turn 1 | 1 1 . Gunslinging . | . . . Exploded . | . . . Melee . | . . . Uniques/NPCs Destroyed . | . . . Combat | -11 -10 -10 -------- Run | Yrd Mat Min Hostile Shots Fired 90 | . 82 8 Missed 18 | . 18 . Hits 72 | . 64 8 Projectile 72 | . 64 8 AOE 8 | . . 8 Damage Taken 955 | . 670 285 Core 252 | . 140 112 Absorbed by Shields . | . . . Core Remaining (%) 100 | 100 . . Volleys Fired 39 | 2 37 . Largest 2 | 2 2 . Hottest 80 | 80 80 . Shots Fired 51 | 4 47 . Gun 51 | 4 47 . Cannon . | . . . Launcher . | . . . Special . | . . . Kinetic 27 | . 27 . Thermal . | . . . Explosive . | . . . Electromagnetic 24 | 4 20 . Robot Hit Streak 8 | 3 8 . Robot Miss Streak 2 | 1 2 . Penetration Max . | . . . Secondary Targets . | . . . Shots Hit Robots 35 | 3 32 . Core Hits 14 | 2 12 . Critical Kills . | . . . Critical Parts Destroyed . | . . . Critical Strikes . | . . . Melee Attacks . | . . . Impact . | . . . Slashing . | . . . Piercing . | . . . Sneak Attacks . | . . . Combat Hostiles . | . . . Follow-up Attacks . | . . . Damage Inflicted 573 | 43 530 . Guns 547 | 43 504 . Cannons . | . . . Explosions 24 | . 24 . Melee . | . . . Ramming 2 | . 2 . Kinetic 264 | . 264 . Thermal 24 | . 24 . Explosive . | . . . Electromagnetic 283 | 43 240 . Impact . | . . . Slashing . | . . . Piercing . | . . . Highest Corruption . | . . . Average Corruption . | . . . Corruption Purged . | . . . Corruption Blocked . | . . . Overload Shots . | . . . Overflow Damage . | . . . Projectiles . | . . . Explosions . | . . . Melee . | . . . Knockbacks . | . . . Impact . | . . . Kinetic . | . . . Secondary . | . . . Self-Inflicted Damage . | . . . Shots . | . . . Rammed 1 | . 1 . Targets Rammed 1 | . 1 . Kicked . | . . . Crushed . | . . . Highest Temperature 108 | 18 108 . Average Temperature 35 | 12 37 . Received Heat Transfer 264 | . 264 . Siege Activations . | . . . Martial Activations . | . . . Shielding Activations . | . . . Robots Disrupted . | . . . Combat Hostiles . | . . . Robots Corrupted . | . . . Combat Hostiles . | . . . Parts Fried 1 | . 1 . Impact Corruptions . | . . . Robots Melted . | . . . Combat Hostiles . | . . . Parts Melted . | . . . Heat Transferred 50 | . 50 . Parts Sabotaged . | . . . Parts Stolen . | . . . Parts Stripped . | . . . Power Chain Reactions 1 | . 1 . Alert | -11 -10 -10 ------- Run | Yrd Mat Min Maximum Alert Level . | . . . Low Security (%) 100 | 100 100 100 Level 1 . | . . . Level 2 . | . . . Level 3 . | . . . Level 4 . | . . . Level 5 . | . . . High Security . | . . . Max Security . | . . . Peak Influence 53 | 5 53 3 Initial 3 | . . 3 Average 7 | 1 13 . Influence Increases 147 | 10 137 . Destroy 0b10 Robot/C 100 | . 100 . Destroy 0b10 Robot/NC 20 | 10 10 . Destroy Leader 24 | . 24 . Destroy Structure 3 | . 3 . Influence Decreases 147 | 10 127 10 Entered New Map 7 | . . 7 Time Decay 110 | 10 97 3 Lost Part 30 | . 30 . Squads Dispatched 2 | . 2 . Investigation . | . . . Extermination . | . . . Reinforcement 2 | . 2 . Assault . | . . . Garrison . | . . . Intercept . | . . . Searches Triggered . | . . . Construction Impeded . | . . . Haulers Reinforced . | . . . Active Scanning Responses . | . . . Cargo Convoy Interrupts . | . . . Stealth | -11 -10 -10 --------- Run | Yrd Mat Min Distress Signals 1 | . 1 . Communications Jammed . | . . . Distress Signals . | . . . Times Spotted 14 | . 12 2 Peak Tracking Total 5 | . 5 2 Tactical Retreats . | . . . Traps | -11 -10 -10 ------- Run | Yrd Mat Min Traps Triggered . | . . . Indirectly . | . . . Trap Hack Attempts . | . . . Triggered . | . . . Disarmed . | . . . Reprogrammed . | . . . Reused . | . . . Traps Extracted . | . . . Installed . | . . . Triggered . | . . . Machines | -11 -10 -10 ---------- Run | Yrd Mat Min Machines Disabled 1 | . 1 . Max in Single Turn 1 | . 1 . Machines Repaired . | . . . Machines Dismantled . | . . . Machines Sabotaged . | . . . Overloaded Fab Kills . | . . . Hacking | -11 -10 -10 --------- Run | Yrd Mat Min Machines Accessed 1 | . 1 . Terminals 1 | . 1 . Fabricators . | . . . Repair Stations . | . . . Recycling Units . | . . . Scanalyzers . | . . . Garrison Access . | . . . Total Hacks 2 | . 2 . Successful 2 | . 2 . Failed . | . . . Catastrophic . | . . . Database Lockouts . | . . . Manual 2 | . 2 . Terminals 2 | . 2 . Fabricators . | . . . Repair Stations . | . . . Recycling Units . | . . . Scanalyzers . | . . . Garrison Access . | . . . Terminal Hacks 1 | . 1 . Terminal Index 1 | . 1 . Fabricator Hacks . | . . . Repair Station Hacks . | . . . Recycling Unit Hacks . | . . . Scanalyzer . | . . . Garrison Access Hacks . | . . . Unauthorized Hacks 1 | . 1 . Terminals 1 | . 1 . Skim 1 | . 1 . Fabricators . | . . . Repair Stations . | . . . Recycling Units . | . . . Scanalyzers . | . . . Garrison Access . | . . . Data Cores Recovered . | . . . Used . | . . . Hacking Detections 1 | . 1 . Full Trace Events . | . . . Feedback Events . | . . . Feedback Blocked . | . . . Robot Schematics Acquired . | . . . Robots Built . | . . . Authchips . | . . . Time . | . . . Total Robot Build Rating . | . . . Part Schematics Acquired . | . . . Parts Built . | . . . Authchips . | . . . Time . | . . . Total Part Build Rating . | . . . Part Studies Acquired . | . . . Parts Repaired . | . . . Time . | . . . Parts Recycled . | . . . Recycled Matter . | . . . Retrieved Matter . | . . . Retrieved Components . | . . . Parts Scanalyzed . | . . . Part Schematics Acquired . | . . . Parts Damaged . | . . . Bothacking | -11 -10 -10 ------------ Run | Yrd Mat Min Used RIF Installer . | . . . Robots Hacked . | . . . Non-combat . | . . . Combat . | . . . Robot Hacks Applied . | . . . Relay Couplers Released . | . . . Fabnet Peak Effective % . | . . . Robots Rewired . | . . . Allies Hacked . | . . . Hacks Repelled . | . . . Allies | -11 -10 -10 -------- Run | Yrd Mat Min Total Allies . | . . . Largest Group . | . . . Highest-Rated Group . | . . . Highest-Rated Ally . | . . . Total Orders . | . . . Ally Attacks . | . . . Total Damage . | . . . Kills . | . . . Allies Corrupted . | . . . Allies Melted . | . . . Intel | -11 -10 -10 ------- Run | Yrd Mat Min Active Infowar (turns) 307 | 21 286 . Seismic 307 | 21 286 . Robot Analysis Total . | . . . Derelict Logs Recovered . | . . . Drone Launches . | . . . Drone Recoveries . | . . . Exploration | -11 -10 -10 ------------- Run | Yrd Mat Min Turns Passed 627 | 113 329 185 Spaces Moved 386 | 62 136 188 Core 12 | 12 . . Treads 186 | 50 136 . Legs . | . . . Wheels 188 | . . 188 Hover . | . . . Flight . | . . . Fastest Speed 50 | 50 160 80 Average Speed 124 | 138 160 93 Slowest Speed 160 | 160 160 95 Overloaded Moves . | . . . Propulsion Burnouts . | . . . Robots Hopped . | . . . Potential Cave-ins . | . . . Cave-ins Triggered . | . . . Exploration Rate (%) 27 | 4 38 41 Regions Visited 2 Branch Regions 1 Pre-discovered Areas . | . . . Known Exits Taken . | . . . Unknown Exits Taken 2 | 1 1 . Scrap Searched . | . . . Spaces Dug . | . . . Terrain Destroyed 3 | . 3 . Melee . | . . . Projectile . | . . . AOE 3 | . 3 . Terrain Rammed . | . . . Walls Destroyed . | . . . Machines Disabled . | . . . Actions | -11 -10 -10 --------- Run | Yrd Mat Min Total 482 | 85 200 197 Wait 27 | 4 23 . Move 384 | 61 135 188 Hop . | . . . Pick Up 16 | 11 1 4 Fast Attach . | . . . Attach 12 | 7 1 4 Detach . | . . . Swap 2 | . 1 1 Drop 1 | . 1 . Fire 39 | 2 37 . Melee . | . . . Ram . | . . . Kick . | . . . Crush 1 | . 1 . Escape Stasis . | . . . Rewire . | . . . Trap . | . . . Miscellaneous . | . . . Route ------- -11/Scrapyard -10/Materials (discovered 2 exits: [*Mat] / [*Min]) -10/Mines (discovered 1 exit: [*Mat]) History --------- Turn | Location | Event 10 | -11/Scrapyard | Discovered new exit (range 15) 114 | -11/Scrapyard | Entered Materials 276 | -10/Materials | Discovered new exit (range 8) 316 | -10/Materials | Build established: Mutant 340 | -10/Materials | Discovered new exit (range 8) 431 | -10/Materials | Lost 3 parts (1u2w) 442 | -10/Materials | Core integrity fell below 50% 443 | -10/Materials | Entered Mines 498 | -10/Mines | Found a hidden stash of uninstalled traps 564 | -10/Mines | Discovered new exit (range 12) 610 | -10/Mines | Assembled infested the area 615 | -10/Mines | Assisted by a Guerilla fighting off Assembled 626 | -10/Mines | Core integrity fell below 20% 628 | -10/Mines | Destroyed by D-53 Grenadier with Mini Grenade Launcher Last Messages --------------- 00526_ K-01 Serf collects debris. 00551_ Acquired Datajack. 00552_ K-01 Serf collects debris. 00564_ EXIT=FOUND 00568_ K-01 Serf cleans the Matter Pump. 00572_ K-01 Serf collects debris. 00610_ ALERT: Infestation in the mines, dispatching Demolisher response squad. 00615_ A derelict emerges from the shadows: "You need to get out of here! I've been tracking a group of Assembled to figure out where they're coming from, and they're closing on this area, come on!" 00622_ C-45 Heavy ARC bursts open, deploying its payload. 00622_ D-53 Grenadier unfolds itself. 00622_ EM Pulse Gun destroyed. 00622_ Lgt. Armor Plating destroyed. 00623_ Ion Engine destroyed. 00628_ Assault Rifle destroyed. Map ----- +----------------------------------------------------+ | # ## ##???????????????????? | | # #### ##??????????????????? | | # #??# #########??????????? | | # #??# ! ##?????????? | | # ?# #?????????? | | # ###### """ #?????????? | | ## ##???## """ ##?####????? | | ?#] #????## """ #?## ##???? | | ?## ##???## ### #???? | | ??# #????# #???? | | ??# #??# #### ##??? | | ??# #??# #???## ##### k ##?? | | ??# #??## ?????# #???## #?? | | ??? #???#??????# #????# #?? | | ??? ????????????# #????# #?? | | ????????????????# #????# #?? | | ????????????????# #????# ##?? | | ????????????????# #????# ##??? | | ????????????????? ?????# #???? | | ????????????????? ?????# ###?? | | ????????????????? ?????# ##? | | ????????????????? ?????# #? | | ????????????????? ????## #? | | ???????????###### ##### % #? | | ???????????# dd #? | | ???????????# @ #? | | ???????????# ######## #? | | ?????????????????????# ## | | ?????????????????????# # | | ?????????????????????# | | ?????????????????????# # | | ?????????????????????## # | | ?????????????????????# # | | ?????????????????????# # | | ???????????#?????????## # | | ???????????# ?????????# # | | ???????????# ????????# # #### | | ????????? ## ???????# ####??? | | ???????? ??????# #?????? | | ???????? ???### ####??? | | ???????? ### #??? | | ???????????? """ #??? | | ???????????? """ """ #??? | | ???????????? """ #### """ #??? | | ?????????????"""????# """ #??? | | ????????????????????# #??? | | ????????????????????##### ##??? | | ????????????????????????? #???? | | ????????????????????????? #???? | | ??????????????????????????????? | +----------------------------------------------------+ Best States ------------- Heat Dissipation 25 Energy Generation 10 Energy Capacity 250 Matter Stores 300 Matter Capacity 300 Sight Range 16 Terrain Scan Density 10 Armor Coverage 150 Evasion (%) 50 Recoil Reduction 2 Item Schematics ----------------- None Robot Schematics ------------------ None Fabricated ------------ Nothing Repaired ---------- Nothing Studied --------- None Alien Tech Used ----------------- None Achievements -------------- None Challenges ------------ None Game ------ Seed TrapAluminumFalx Manual? 0 Play Time 00:03:57 Cumulative 508.9 hours Start 2025.11.17 @ 02:47:32 End 2025.11.17 @ 15:01:42 Sessions 3 Manual Loads 0 Difficulty Rogue Special Mode None Game No. 687 Rogue 687 Adventurer 0 Explorer 0 Win Type - Total 16 Types 8/0/2/2/1/0/2/1/0/0 Lore% 91 Gallery% 85 Achievement% 67 Wizard Run 0 Options --------- Layout 2 ASCII 0 Keyboard 0 Movement Mouse Keybinds 0 Fullscreen 1 Font 24/Terminus Map View 50x49 Zoom Use 0% Tactical HUD 1 Map Filters NONE Filters NONE Steam 1 RUN: 7b2de138-bee0-492b-89d0-742a8c86412b